Map: Ascension to Aiur LE

Players

Honor - Winner!

  • Race: Zerg Zerg
  • League: Master
  • Spawn Location: 5:00

A.I. 1 (Elite)

  • Race: Protoss Protoss
  • Spawn Location: 11:00

VOD

Have the link to the VOD?

Description

Time

  • Played on: Dec. 13, 2017, 9:02 a.m.
  • Length: 9:05
Show
View Real Time Build Order
Export as new Build Order

Honor Zerg - Winner!

Build Orders: Pool First 

Get SALT Encoding   

  12  0:01  Drone  
  13  0:12  Overlord  
  13  0:17  Drone  
  14  0:30  Drone x2  
  14  0:34  Drone  
  17  0:46  Spawning Pool  
  17  0:49  Drone  
  17  1:11  Hatchery  
  17  1:14  Drone  
  17  1:16  Extractor  
  16  1:19  Drone  
  16  1:23  Drone  
  18  1:28  Drone  
  19  1:37  Queen  
  21  1:44  Overlord  
  21  1:49  Drone  
  22  2:02  Drone  
  23  2:13  Queen  
  25  2:17  Metabolic Boost  
  25  2:24  Roach Warren  
  25  2:25  Drone  
  25  2:26  Drone  
  25  2:29  Drone  
  27  2:32  Drone  
  27  2:36  Drone  
  29  2:43  Drone  
  30  2:47  Drone x2  
  30  2:48  Drone  
  33  2:56  Lair  
  33  3:00  Extractor  
  33  3:05  Evolution Chamber  
  31  3:06  Drone x2  
  31  3:08  Drone  
  31  3:12  Spore Crawler  
  33  3:15  Spore Crawler  
  32  3:20  Overlord  
  32  3:25  Drone x2  
  34  3:28  Drone  
  34  3:29  Drone  
  36  3:35  Zerg Melee Weapons Level 1  
  36  3:42  Overlord  
  36  3:43  Drone  
  36  3:44  Drone  
  36  3:45  Drone  
  36  3:47  Drone  
  40  3:50  Drone  
  40  3:54  Glial Reconstitution  
  41  3:59  Extractor  
  41  4:00  Extractor  
  41  4:02  Drone x3  
  42  4:11  Hydralisk Den  
  42  4:12  Drone x3  
  42  4:14  Drone  
  45  4:19  Drone x2  
  47  4:28  Overlord  
  47  4:29  Overlord  
  47  4:38  Drone  
  47  4:41  Roach x2  
  47  4:43  Muscular Augments  
  52  4:55  Overlord x2  
  52  4:57  Roach x4  
  60  5:04  Roach x2  
  64  5:20  Roach x4  
  72  5:25  Overlord  
  72  5:26  Overlord  
  72  5:28  Roach x3  
  78  5:33  Roach  
  78  5:34  Roach x2  
  84  5:43  Overlord  
  84  5:44  Overlord  
  84  5:48  Roach x2  
  88  5:58  Roach x2  
  88  6:02  Roach  
  88  6:03  Roach x2  
  88  6:04  Roach  
  100  6:05  Hydralisk x2  
  100  6:10  Overlord  
  104  6:12  Overlord  
  104  6:23  Hydralisk x2  
  108  6:29  Hydralisk  
  108  6:30  Hydralisk  
  112  6:35  Hydralisk x3  
  112  6:37  Hydralisk  
  120  6:41  Hydralisk  
  122  6:47  Hydralisk x2  
  122  6:54  Overlord  
  126  6:55  Overlord  
  126  7:01  Hydralisk x2  
  126  7:07  Hydralisk  
  132  7:14  Hydralisk x3  
  138  7:17  Overlord  
  138  7:20  Overlord  
  138  7:26  Hydralisk  
  138  7:27  Hydralisk  
  126  7:36  Hydralisk x2  
  110  7:37  Hydralisk  
  104  7:46  Hydralisk x2  
  104  7:47  Hydralisk  
  104  7:59  Roach x3  
  110  8:10  Roach x2  
  114  8:18  Roach  
  114  8:19  Roach x5  
  120  8:20  Roach  
  118  8:27  Roach  
  118  8:32  Hydralisk  
  120  8:45  Roach x2  
Show
View Real Time Build Order
Export as new Build Order

A.I. 1 (Elite) Protoss 

Build Orders: 1 Gate Expand, Colossus Rush 

Get SALT Encoding   

  12  0:00  Probe  
  13  0:13  Probe  
  14  0:19  Pylon  
  14  0:25  Probe  
  15  0:37  Probe  
  16  0:47  Assimilator  
  17  0:50  Probe  
  17  0:51  Gateway  
  17  1:02  Pylon, Probe  
  18  1:14  Probe  
  19  1:26  Probe  
  20  1:38  Probe  
  21  1:40  Nexus  
  21  1:45  Zealot  
  23  1:50  Probe  
  24  2:02  Probe  
  24  2:05  Cybernetics Core  
  25  2:14  Probe  
  26  2:26  Probe  
  27  2:32  Pylon  
  27  2:38  Probe  
  27  2:42  Warp Gate  
  28  2:45  Gateway, Stalker  
  28  2:47  Assimilator  
  28  2:51  Probe  
  31  2:52  Probe  
  32  3:04  Probe  
  32  3:05  Pylon  
  33  3:06  Probe  
  34  3:15  Adept  
  34  3:16  Probe  
  34  3:18  Probe  
  38  3:28  Robotics Facility  
  38  3:32  Probe, Adept  
  41  3:35  Probe  
  42  3:42  Adept  
  42  3:45  Probe  
  42  3:47  Probe  
  46  3:57  Probe  
  46  3:59  Probe, Adept  
  50  4:09  Probe, Adept  
  53  4:12  Probe  
  54  4:18  Pylon  
  54  4:19  Robotics Bay  
  54  4:21  Probe  
  54  4:22  Observer  
  54  4:24  Probe  
  57  4:26  Adept  
  59  4:32  Robotics Facility  
  59  4:33  Probe  
  59  4:35  Pylon  
  60  4:44  Stalker  
  62  4:47  Probe  
  62  4:48  Pylon  
  62  4:49  Probe  
  64  5:00  Stalker  
  66  5:08  Gateway  
  66  5:18  Zealot  
  66  5:20  Pylon  
  68  5:24  Zealot  
  68  5:25  Colossus  
  76  5:30  Pylon  
  76  5:38  Zealot  
  78  5:44  Stalker, Probe  
  78  5:45  Assimilator  
  78  5:47  Assimilator  
  81  5:58  Sentry, Forge  
  81  6:02  Zealot  
  81  6:03  Forge  
  85  6:07  Stalker, Nexus, Probe x2  
  89  6:16  Pylon  
  89  6:19  Probe  
  89  6:20  Probe  
  89  6:21  Stalker  
  89  6:22  Immortal  
  97  6:31  Probe, Immortal  
  102  6:38  Pylon  
  102  6:41  Protoss Ground Weapons Level 1  
  102  6:49  Pylon  
  102  6:50  Protoss Ground Armor Level 1  
  102  6:57  Gateway  
  102  7:08  Colossus  
  108  7:10  Photon Cannon  
  108  7:13  Pylon  
  108  7:17  Sentry  
  108  7:19  Probe x2  
  108  7:20  Probe  
  113  7:22  Zealot  
  113  7:23  Zealot  
  100  7:31  Probe  
  100  7:32  Probe  
  100  7:33  Probe  
  83  7:40  Zealot  
  83  7:43  Sentry, Probe, Adept  
  70  7:45  Assimilator  
  70  7:48  Probe  
  70  7:50  Probe  
  60  7:52  Adept  
  50  8:00  Stalker  
  50  8:03  Sentry  
  51  8:06  Zealot  
  51  8:12  Stalker, Probe  
  37  8:23  Adept  
  37  8:26  Zealot  
Tags
 
Add a new tag
Caveats
  • Supply blocks, unpowered buildings, or Contaminate may cause inaccurate times.
  • Supply counts are checked every 10 seconds.